 Dungeon Crawl Stone Soup version 0.22.1-6-g1668fe2c40 (webtiles) character file.

28 Kohma the Ruffian (level 2, -2/29 HPs)
             Began as a Troll Monk on Jan 24, 2019.
             Slain by Crazy Yiuf
             ... wielding a +2 quarterstaff of chaos
              (8 damage)
             ... on level 2 of the Dungeon.
             The game lasted 00:03:18 (1143 turns).

Kohma the Ruffian (Troll Monk)                      Turns: 1143, Time: 00:03:19

Health: -2/29      AC:  5    Str: 18    XL:     2   Next: 96%
Magic:  1/1        EV:  1    Int:  6    God:
Gold:   99         SH:  0    Dex: 12    Spells: 1/1 levels left

rFire    . . .     SeeInvis .     - Unarmed
rCold    . . .     Gourm    +   (no shield)
rNeg     + + +     Faith    .   a - +0 robe
rPois    ∞         Spirit   .   (helmet restricted)
rElec    .         Reflect  .   (no cloak)
rCorr    .         Harm     .   (gloves unavailable)
MR       .....                  (boots unavailable)
Stlth    ++........             (no amulet)
HPRegen  0.49/turn              (no ring)
MPRegen  0.07/turn              (no ring)

@: petrified
A: large, unfitting armour, claws 3, fast metabolism 3, gourmand, regeneration
1, shaggy fur 1, tough skin 2
a: no special abilities


You were on level 2 of the Dungeon.
You were full.

You visited 1 branch of the dungeon, and saw 2 of its levels.

You collected 99 gold pieces.

Inventory:

Hand Weapons
 p - a +2 hunting sling of flaming
Missiles
 g - 113 stones (quivered)
Armour
 a - a +0 robe (worn)
Jewellery
 m - an uncursed amulet of magic regeneration {unknown}
 n - a cursed ring of attention {unknown}
Scrolls
 c - a scroll of magic mapping {unknown}
 d - a scroll of fog {unknown}
 e - 3 scrolls of remove curse {unknown}
 j - 2 scrolls of teleportation {unknown}
 k - 3 scrolls of identify {unknown}
Potions
 h - a potion of heal wounds {unknown}
 i - 2 potions of haste {unknown}
 l - a potion of curing {unknown}
 o - 2 potions of flight {unknown}
Comestibles
 b - 3 rations
 f - 3 chunks of flesh


   Skills:
 + Level 2.7 Fighting
 + Level 2.6 Dodging
 - Level 1.0 Stealth
 * Level 3.6 Unarmed Combat


You had one spell level left.
You didn't know any spells.
Your spell library was empty.

Dungeon Overview and Level Annotations

Branches:
Dungeon (2/15)

Altars:

Annotations:
D:2 Crazy Yiuf


Innate Abilities, Weirdness & Mutations

You are too large for most types of armour.
You have claws for hands.
Your metabolism is lightning-fast.
You like to eat raw meat.
Your natural rate of healing is unusually fast.
You are covered in fur. (AC +1)
You have very tough skin. (AC +2)


Message History

You barely miss Crazy Yiuf.
Crazy Yiuf hits you with a quarterstaff of chaos.
Crazy Yiuf burns you.
Your limbs are stiffening.
You scratch Crazy Yiuf.
Crazy Yiuf is lightly wounded.
Crazy Yiuf barely misses you.
Crazy Yiuf screams, "Action bush Xom!"
Crazy Yiuf hits you but does no damage.
You are electrocuted!
You have turned to stone.
Crazy Yiuf hits you with a quarterstaff of chaos.
Crazy Yiuf burns you.
* * * LOW HITPOINT WARNING * * *
Crazy Yiuf hits you with a quarterstaff of chaos.
* * * LOW HITPOINT WARNING * * *
Crazy Yiuf freezes you.
Crazy Yiuf hits you with a quarterstaff of chaos.
* * * LOW HITPOINT WARNING * * *
Crazy Yiuf hits you with a quarterstaff of chaos.
You are electrocuted!
You die...

#################
#...............#
###.#############.#
#.....## ###
#......# # #......#
♣♣♣♣♣### .# #..)...#
#####♣♣♣.♣..#.####.#
######.#
#...#♣..♣......#....
#.....#
#.g@'.♣♣♣♣.......# #
#.##### #)..#♣♣
♣♣.#....#.#
#####.###<## #####
♣♣##...#.#
...........# #......
#####.###.## #...#.#
#####.# #.# #####
#...#.# ....#.###.#
#.#.# ####.# #
###.#.....#
######.#.# . #.#
..#.#######
#......#.# #.#.#


You could see Crazy Yiuf.

Vanquished Creatures
  An ooze (D:1)
  A worm (D:2)
  A dart slug (D:1)
  A ball python (D:1)
  2 bats
  2 giant cockroaches (D:1)
  5 goblins (D:1)
  2 jackals (D:1)
  A kobold (D:2)
16 creatures vanquished.

Notes
Turn   | Place    | Note
-------+----------+-------------------------------------------
     0 | D:1      | Kohma the Troll Monk began the quest for the Orb.
     0 | D:1      | Reached XP level 1. HP: 22/22 MP: 0/0
   178 | D:1      | Reached XP level 2. HP: 29/29 MP: 1/1
  1130 | D:2      | Found a runed door.
  1134 | D:2      | Noticed Crazy Yiuf
  1143 | D:2      | Slain by Crazy Yiuf

Action                   || total
-------------------------++-------
Melee: Unarmed           ||    47
       Punch             ||     1
 Stab: Sleeping          ||     3
  Eat: Chunk             ||    12
Armor: Robe              ||    17
Dodge: Dodged            ||    23
